 Dungeon Crawl Stone Soup version 0.28-a0-779-g3d1f99b579 (webtiles) character file.

Game seed: 10175656513016851986

4 kae the Chopper (level 1, -2/20 HPs)
             Began as a Hill Orc Cinder Acolyte on Nov 2, 2021.
             Was a High Priest of Ignis.
             Slain by a kobold (3 damage)
             ... on level 1 of the Dungeon.
             The game lasted 00:00:05 (161 turns).

kae the Chopper (Hill Orc Cinder Acolyte)            Turns: 161, Time: 00:00:05

Health: -2/20      AC:  2    Str: 16    XL:     1   Next: 70%
Magic:  2/2        EV: 11    Int: 14    God:    Ignis [*****.]
Gold:   11         SH:  0    Dex:  6    Spells: 2/2 levels left

rFire   + . .      SeeInvis .   a - -1 hand axe (flame)
rCold   . . .      Faith    .   (no shield)
rNeg    . . .      Spirit   .   b - +0 robe
rPois   .          Reflect  .   (no helmet)
rElec   .          Harm     .   (no cloak)
rCorr   .          Rampage  .   (no gloves)
Will    .....                   (no boots)
Stlth   +.........              (no amulet)
HPRegen 0.06/turn               (no ring)
MPRegen 0.08/turn               (no ring)

@: no status effects
A: no striking features
a: Renounce Religion, Sea of Fire, Foxfire Swarm, Rising Flame


You were on level 1 of the Dungeon.
You worshipped Ignis.
Ignis was extremely pleased with you.
You visited 1 branch of the dungeon, and saw 1 of its levels.

You collected 11 gold pieces.

Inventory:

Hand Weapons
 a - a -1 hand axe of flaming (weapon)
Armour
 b - a +0 robe (worn)
Scrolls
 c - a scroll of identify {unknown}
 d - a scroll of vulnerability {unknown}
Potions
 e - a potion of mutation {unknown}
 f - a potion of heal wounds {unknown}


   Skills:
 + Level 3.7 Fighting
 + Level 4.1 Axes
 + Level 1.1 Spellcasting
 + Level 3.3 Fire Magic


You had 2 spell levels left.
You didn't know any spells.
Your spell library contained the following spells:

 Spells                   Type           Power      Damage    Failure   Level
 Scorch                   Fire           20%        2d6       10%         2


Dungeon Overview and Level Annotations

Branches:
Dungeon (1/15)

Altars:


Message History

The rat misses you.
You closely miss the rat. The rat bites you.
There are monsters nearby!
There are monsters nearby!
You slash the rat! You burn the rat.
You kill the rat!
The kobold throws a stone.
The stone hits you but does no damage.
The kobold throws a stone.
The stone hits you.
A kobold is nearby!
The kobold barely misses you.
You closely miss the kobold. The kobold hits you with a +0 whip.
A kobold is nearby!
You barely miss the kobold. The kobold hits you but does no damage.
You hit the kobold. You burn the kobold.
The kobold is heavily wounded.
The kobold hits you with a +0 whip.
A kobold is nearby!
You are too injured to fight recklessly!
You are too injured to fight recklessly!
A kobold is nearby!
You are too injured to fight recklessly!
You are too injured to fight recklessly!
A kobold is nearby!
You are too injured to fight recklessly!
You are too injured to fight recklessly!
You hit the kobold but do no damage.
The kobold is heavily wounded.
The kobold hits you with a +0 whip. x2
You hit the kobold but do no damage.
The kobold is heavily wounded.
The kobold hits you with a +0 whip.
* * * LOW HITPOINT WARNING * * *
You barely miss the kobold.
The kobold is heavily wounded.
The kobold hits you with a +0 whip.
* * * LOW HITPOINT WARNING * * *
You hit the kobold but do no damage.
The kobold is heavily wounded.
The kobold hits you with a +0 whip.
You die...

##.....#.....###..#
###.#..##..##≈#..#
.#############..######
.....................#
.###.#######.........#
...#.# #.$.......#
.#.#.# #.........#
.#.#.# #.........#
.#.#.# #....@....#
.#.#.### #.....K...#
.......# #.........#
.#.#.#.# #.........#
...#.#.# #.........#
####.#.# #.........#
####.#.# #.........#
.....#.# ###########
######.#


You could see a kobold.

Vanquished Creatures
  A bat (D:1)
  An endoplasm (D:1)
  A goblin (D:1)
  A rat (D:1)
4 creatures vanquished.

Notes
Turn   | Place    | Note
-------+----------+-------------------------------------------
     0 | D:1      | kae the Hill Orc Cinder Acolyte began the quest for the
                  | Orb.
     0 | D:1      | Reached XP level 1. HP: 19/19 MP: 2/2
   160 | D:1      | HP: 1/20 [kobold (4)]
   161 | D:1      | Slain by a kobold

Illustrated notes

Levels and vault maps discovered:
D:1:      enne_arrival_octagon_isle, layout_basic,
          ebering_ecumenical_altar_hall, minmay_misc_feat_rows

Action                   || total
-------------------------++-------
Melee: Hand axe          ||    15
Armor: Robe              ||     4
Dodge: Dodged            ||     4

Table legend: (Time is in decaauts)
 A = Elapsed time spent in this place.
 B = Non-inter-level travel time spent in this place.
 C = Inter-level travel time spent in this place.
 D = Time resting spent in this place.
 E = Time spent auto-exploring this place.
 F = Levels seen in this place.
 G = Mean time per level.
                   A        B        C        D        E       F      G
               +--------+--------+--------+--------+--------+-----+--------+
         Total |    162 |    162 |      0 |      0 |    128 |   1 |  162.0 |
       Dungeon |    162 |    162 |      0 |      0 |    128 |   1 |  162.0 |
               +--------+--------+--------+--------+--------+-----+--------+

Top non-repeatable levels by time:
     D:1: 162 daAuts
